 Dungeon Crawl Stone Soup version 0.31-a0-1589-g8f5e8aebd6 (webtiles) character file.

Game seed: 11969338032556266031

25 CougarLife the Ducker (level 2, 21/25 HPs)
             Began as a Minotaur Gladiator on Jan 6, 2024.
             Quit the game on level 1 of the Dungeon.
             The game lasted 00:00:45 (805 turns).

CougarLife the Ducker (Minotaur Gladiator)           Turns: 805, Time: 00:00:46

Health: 21/25      AC:  3    Str: 18    XL:     2   Next: 86%
Magic:  1/1        EV: 12    Int:  5    God:
Gold:   28         SH:  0    Dex: 11    Spells: 1/1 levels left

rFire   . . .        a - +0 war axe
rCold   . . .        (no shield)
rNeg    . . .        b - +0 leather armour
rPois   .            c - +0 hat
rElec   .            (no cloak)
rCorr   .            (no gloves)
SInv    .            (no boots)
Will    .....        (no amulet)
Stlth   +            (no ring)
HPRegen 0.24/turn    (no ring)
MPRegen 0.07/turn

%: no passive effects
@: no status effects
A: horns 2, retaliatory headbutt
a: no special abilities


You were on level 1 of the Dungeon.
You visited 1 branch of the dungeon, and saw 1 of its levels.

You collected 28 gold pieces.

Inventory:

Hand Weapons
 a - a +0 war axe (weapon)
Missiles
 d - 3 throwing nets (quivered)
 e - a javelin
Armour
 b - a +0 leather armour (worn)
 c - a +0 hat (worn)
Scrolls
 i - a scroll of teleportation {unknown}
Potions
 f - a potion of mutation {unknown}
 g - a potion of heal wounds {unknown}
 h - a potion of invisibility {unknown}


   Skills:
 - Level 2.4 Fighting
 - Level 3.6 Axes
 - Level 2.8 Throwing
 + Level 4.0 Dodging


You had one spell level left.
You didn't know any spells.
Your spell library contained the following spells:

 Spells                   Type           Power      Damage    Failure   Level
 Cigotuvi's Dreadful Rot  Necr/Alch/Air  0%         N/A       67%         2
 Dispel Undead            Necr           0%         3d6       99%         4
 Martyr's Knell           Necr/Summ      0%         N/A       99%         4
 Death Channel            Necr           0%         N/A       100%        6


Dungeon Overview and Level Annotations

Branches:
Dungeon (1/15)

Altars:


Innate Abilities, Weirdness & Mutations

You have a pair of horns on your head.
You reflexively headbutt those who attack you in melee.


Message History

A dart slug is nearby!
The dart slug launches a dart at you. The slug dart hits you.
A dart slug is nearby!
A dart slug is nearby!
You hit the dart slug.
The dart slug is moderately wounded.
A dart slug is nearby!
You hit the dart slug.
The dart slug is heavily wounded.
The dart slug misses you. You furiously retaliate!
You headbutt the dart slug.
A dart slug is nearby!
You slash the dart slug!
You kill the dart slug!
A ball python comes into view.
The ball python hisses angrily.
A ball python is nearby!
A ball python is nearby!
A ball python is nearby!
You slash the ball python!
You kill the ball python!
You see here 4 large rocks.
There is an open door here.
There is a stone staircase leading down here.
Key pressed, stopping explore.
No target in view!
No target in view!
A goblin comes into view. It is wielding a +0 club.
The goblin shouts!
The goblin hits you with a +0 club.
A goblin is nearby!
You miss the goblin. The goblin hits you with a +0 club. x2
A goblin is nearby!
A goblin is nearby!
You barely miss the goblin. The goblin hits you but does no damage.
A goblin is nearby!
You hit the goblin.
You kill the goblin!
Your Dodging skill increases to level 4!
Are you sure you want to abandon this character and quit the game? (Confirm with "yes".)

#..># #.# #.#.#
#.#.###.###.#.#
#.#...#.....#.#
#.###.#######.#
#.# #.# #.# #.#
#.# #.# #.###.#
#.# # #.....#
#.##.## #######
#.@)..# #######


There were no monsters in sight!

Vanquished Creatures
  2 dart slugs (D:1)
  A bat (D:1)
  An endoplasm (D:1)
  3 giant cockroaches (D:1)
  3 goblins (D:1)
  3 hobgoblins (D:1)
  2 kobolds (D:1)
  2 ball pythons (D:1)
  A rat (D:1)
18 creatures vanquished.

Notes
Turn   | Place    | Note
-------+----------+-------------------------------------------
     0 | D:1      | CougarLife the Minotaur Gladiator began the quest for the
                  | Orb.
     0 | D:1      | Reached XP level 1. HP: 18/18 MP: 0/0
   191 | D:1      | Reached XP level 2. HP: 25/25 MP: 1/1
   805 | D:1      | Reached skill level 4 in Dodging
   805 | D:1      | Quit the game

Illustrated notes

Levels and vault maps discovered:
D:1:      dpeg_arrival_castle, layout_basic, nrook_uturn

Skill      XL: |  1  2 |
---------------+-------+-----
Dodging        | 4 |  4.0
Fighting       | |  2.4
Axes           | |  3.6
Throwing       | |  2.8

Action                     || total
---------------------------++-------
  Melee: War axe           ||    37
         Headbutt          ||     3
 Armour: Leather armour    ||    25
  Dodge: Dodged            ||    23

Table legend: (Time is in decaauts)
 A = Elapsed time spent in this place.
 B = Non-inter-level travel time spent in this place.
 C = Inter-level travel time spent in this place.
 D = Time resting spent in this place.
 E = Time spent auto-exploring this place.
 F = Levels seen in this place.
 G = Mean time per level.
                   A        B        C        D        E       F      G
               +--------+--------+--------+--------+--------+-----+--------+
         Total |    818 |    818 |      0 |      0 |    718 |   1 |  818.0 |
       Dungeon |    818 |    818 |      0 |      0 |    718 |   1 |  818.0 |
               +--------+--------+--------+--------+--------+-----+--------+

Top non-repeatable levels by time:
     D:1: 818 daAuts
